 Dungeon Crawl Stone Soup version 0.30-a0-830-gfe289a77b0 (webtiles) character file.

Game seed: 7852780237280172314

2 Twinkles the Sneak (level 1, 0/20 HPs)
             Began as a Hill Orc Delver on Feb 28, 2023.
             Succumbed to an orc wizard's poison
             ... on level 5 of the Dungeon.
             The game lasted 00:00:25 (73 turns).

Twinkles the Sneak (Hill Orc Delver)                  Turns: 73, Time: 00:00:26

Health: 0/20       AC:  3    Str: 14    XL:     1   Next: 30%
Magic:  1/1        EV: 11    Int: 10    God:
Gold:   0          SH:  0    Dex: 12    Spells: 0/0 levels left

rFire   . . .      SeeInvis .    a - +0 hand axe
rCold   . . .      Faith    .    (no shield)
rNeg    . . .      Spirit   .    b - +0 leather armour
rPois   .          Reflect  .    (no helmet)
rElec   .          Harm     .    (no cloak)
rCorr   .          Rampage  .    (no gloves)
Will    .....                    (no boots)
Stlth   ++                       (no amulet)
HPRegen 0.23/turn                (no ring)
MPRegen 0.07/turn                (no ring)

@: lethally poisoned (0 -> -22)
A: no striking features
a: no special abilities


You were on level 5 of the Dungeon.
You visited 1 branch of the dungeon, and saw 1 of its levels.

Inventory:

Hand Weapons
 a - a +0 hand axe (weapon)
Armour
 b - a +0 leather armour (worn)
Wands
 d - a wand of digging (3)
Scrolls
 c - a scroll of identify {unknown}
 E - a scroll of fear
 F - a scroll of fog
 X - 2 scrolls of magic mapping
Potions
 H - a potion of haste


   Skills:
 + Level 3.6 Fighting
 + Level 2.7 Axes
 + Level 1.6 Dodging
 + Level 4.1 Stealth


You couldn't memorise any spells.
You didn't know any spells.
Your spell library was empty.

Dungeon Overview and Level Annotations

Branches:
Dungeon (5/15) Zot: 5925
 Temple: D:4-7

Altars:

Annotations:
D:5 exclusions: ogre, 2 orcs and orc wizard


Message History

The orc is lightly wounded.
The orc hits you with a +0 whip.
The orc wizard shouts!
You hit the orc but do no damage.
The orc is lightly wounded.
The orc barely misses you.
You hit the orc but do no damage.
The orc is lightly wounded.
The orc hits you with a +0 whip. The orc barely misses you.
You hit the orc but do no damage.
The orc is lightly wounded.
The orc barely misses you.
You hit the orc.
The orc is heavily wounded.
The orc misses you.
You hit the orc but do no damage.
The orc is heavily wounded.
You hit the orc wizard but do no damage.
The orc wizard hits you with a +0 dagger of venom.
You are poisoned.
The orc closely misses you.
You hit the orc but do no damage.
The orc is heavily wounded.
You completely miss the orc wizard.
You feel sick.
The orc wizard hits you but does no damage.
You are more poisoned.
The orc barely misses you.
You hit the orc.
You kill the orc!
You closely miss the orc wizard.
You feel very sick.
The orc wizard hits you but does no damage.
You are lethally poisoned!
* * * LOW HITPOINT WARNING * * *
You feel very sick.
The orc wizard hits you but does no damage.
You are more poisoned.
Things that are here:
a +0 whip; a +0 scale mail; an orc corpse You die...

#.# #.# .# #.# #.#
#.# ##.. #.# #.. #.#
# #.# #.# ######
##.#####.# .....#
#####..#.@)..#
####.###[........o..#
#..##.##..##....##
##.##.##.###....#
#.##.##.# ######
#.##.##.###
#.....>...#
####.#.#### #.#.#


You could see an orc wizard.

Vanquished Creatures
  An orc (D:5)
1 creature vanquished.

Notes
Turn   | Place    | Note
-------+----------+-------------------------------------------
     0 | D:5      | Twinkles the Hill Orc Delver began the quest for the Orb.
     0 | D:5      | Reached XP level 1. HP: 19/19 MP: 1/1
    21 | D:5      | Noticed an orc wizard
    56 | D:5      | Noticed an ogre
    72 | D:5      | HP: 5/20 [poisoned by an orc wizard]
    73 | D:5      | Succumbed to an orc wizard's poison

Illustrated notes

Levels and vault maps discovered:
D:5:      layout_basic, lemuel_temple_firewalk_b, nicolae_ossuary_entry_monument

Action                     || total
---------------------------++-------
  Melee: Hand axe          ||    10
 Armour: Leather armour    ||     4
  Dodge: Dodged            ||     7

Table legend: (Time is in decaauts)
 A = Elapsed time spent in this place.
 B = Non-inter-level travel time spent in this place.
 C = Inter-level travel time spent in this place.
 D = Time resting spent in this place.
 E = Time spent auto-exploring this place.
 F = Levels seen in this place.
 G = Mean time per level.
                   A        B        C        D        E       F      G
               +--------+--------+--------+--------+--------+-----+--------+
         Total |     74 |     74 |      0 |      0 |     37 |   1 |   74.0 |
       Dungeon |     74 |     74 |      0 |      0 |     37 |   1 |   74.0 |
               +--------+--------+--------+--------+--------+-----+--------+

Top non-repeatable levels by time:
     D:5: 74 daAuts
